 Dungeon Crawl Stone Soup version 0.29.1-15-g9cfb28693d (webtiles) character file.

Game seed: 13283417404418863808

172 Eitelfritz the Sneak (level 5, 0/37 (39) HPs)
             Began as a Demonspawn Brigand on Apr 25, 2023.
             Slain by Crazy Yiuf
             ... wielding a +2 quarterstaff of chaos
              (5 damage)
             ... on level 3 of the Dungeon.
             The game lasted 00:05:17 (3072 turns).

Eitelfritz the Sneak (Demonspawn Brigand)           Turns: 3072, Time: 00:05:18

HP:   0/37 (39)     AC:  8    Str: 11    XL:     5   Next: 27%
MP:   5/5           EV: 12    Int: 13    God:
Gold: 98            SH:  0    Dex: 22    Spells: 4/4 levels left

rFire   . . .      SeeInvis .   a - +2 dagger
rCold   . . .      Faith    .   (no shield)
rNeg    . . .      Spirit   .   t - +0 leather armour
rPois   .          Reflect  .   (no helmet)
rElec   .          Harm     .   c - +0 cloak
rCorr   .          Rampage  .   (no gloves)
Will    .....                   (no boots)
Stlth   +++.......              (no amulet)
HPRegen 0.12/turn               p - +6 ring of dexterity
MPRegen 0.09/turn               s - +4 ring of protection

@: drained, invisible
A: spiny 2
a: no special abilities


You were on level 3 of the Dungeon.
You visited 1 branch of the dungeon, and saw 4 of its levels.

You collected 98 gold pieces.

Inventory:

Hand Weapons
 a - a +2 dagger (weapon)
 b - a +0 sling
Missiles
 d - 11 poisoned darts (quivered)
 e - 5 curare-tipped darts
Armour
 c - a +0 cloak (worn)
 t - a +0 leather armour (worn)
 u - the +1 kite shield of the Beginning {*Corrode *Slow rElec Str+9}
   (You took it off a goblin on level 3 of the Dungeon)

   Str:       It affects your strength (+9).
   rElec:     It insulates you from electricity.
   *Corrode:  It may corrode you when you take damage.
   *Slow:     It may slow you when you take damage.
Jewellery
 k - a ring of resist corrosion
 p - a +6 ring of dexterity (left hand)
 s - a +4 ring of protection (right hand)
Scrolls
 g - a scroll of immolation {unknown}
 h - a scroll of silence {unknown}
 l - 2 scrolls of teleportation {unknown}
 n - 3 scrolls of identify {unknown}
 o - 2 scrolls of noise {unknown}
 r - a scroll of blinking {unknown}
 v - a scroll of magic mapping {unknown}
Potions
 f - 3 potions of curing {unknown}
 i - 2 potions of degeneration {unknown}
 j - a potion of flight {unknown}
 m - a potion of brilliance {unknown}
 q - a potion of mutation {unknown}


   Skills:
 + Level 2.3 Fighting
 + Level 3.0 Short Blades
 + Level 1.9 Throwing
 + Level 0.3 Armour
 + Level 1.5 Dodging
 + Level 5.2 Stealth


You had 4 spell levels left.
You didn't know any spells.
Your spell library contained the following spells:

 Spells                   Type           Power      Damage    Failure   Level
 Dazzling Flash           Conj/Hex       0%         N/A       77%         3
 Iskenderun's Mystic Bla  Conj/Tloc      0%         2d3       99%         4
 Starburst                Conj/Fire      0%         6d3       100%        6


Dungeon Overview and Level Annotations

Branches:
Dungeon (4/15)
 Temple: D:4-7

Altars:

Annotations:
D:3 2 runed translucent doors, Crazy Yiuf; LaMa's ghost, amateur TrFi


Innate Abilities, Weirdness & Mutations

You are mostly covered in sharp spines.


Message History

You feel drained.
You hit Crazy Yiuf but do no damage.
Crazy Yiuf is lightly wounded.
Crazy Yiuf flaps his cloak.
Crazy Yiuf is struck by your spines. Crazy Yiuf completely misses you.
You barely miss Crazy Yiuf.
Crazy Yiuf is moderately wounded.
Crazy Yiuf hits you with a +2 quarterstaff of chaos!
Crazy Yiuf burns you.
You hit Crazy Yiuf but do no damage.
Crazy Yiuf is moderately wounded.
You hit Crazy Yiuf but do no damage.
Crazy Yiuf is moderately wounded.
Crazy Yiuf hits you with a +2 quarterstaff of chaos.
* * * LOW HITPOINT WARNING * * *
Crazy Yiuf freezes you.
* * * LOW HITPOINT WARNING * * *
You hit Crazy Yiuf but do no damage.
Crazy Yiuf is moderately wounded.
Crazy Yiuf closely misses you.
You hit Crazy Yiuf.
Crazy Yiuf is heavily wounded.
Crazy Yiuf closely misses you.
You barely miss Crazy Yiuf.
Crazy Yiuf is heavily wounded.
Crazy Yiuf is struck by your spines. Crazy Yiuf barely misses you.
You hit Crazy Yiuf.
Crazy Yiuf is severely wounded.
Crazy Yiuf hits you with a +2 quarterstaff of chaos.
* * * LOW HITPOINT WARNING * * *
You fade into invisibility!
You hit Crazy Yiuf but do no damage.
Crazy Yiuf is severely wounded.
You hit Crazy Yiuf but do no damage.
Crazy Yiuf is heavily wounded.
You barely miss Crazy Yiuf.
Crazy Yiuf is heavily wounded.
Crazy Yiuf is struck by your spines.
Crazy Yiuf hits you with a +2 quarterstaff of chaos.
You die...

.<.## #.#..#
#.#
....####.#..#
#.#
............#
#.#
....####...##
### ...##
##### #.##
#####
############
#)..#
...........#
#..g#
############
#.@.# # ##'##
# #.## # ##.#
# #.## # ##.#
#########
##.##
........##
##...#
#######..##
#....#


You could see Crazy Yiuf (unable to see you).

Vanquished Creatures
  An orc priest (D:4)
  A jelly (D:4)
  2 adders
  A worm (D:2)
  2 dart slugs
  An orc (D:3)
  6 bats
  9 endoplasms
  4 giant cockroaches
  11 goblins
  8 hobgoblins
  4 jackals (D:2)
  3 kobolds
  4 quokkas
  2 ball pythons
  13 frilled lizards
  6 rats
78 creatures vanquished.

Notes
Turn   | Place    | Note
-------+----------+-------------------------------------------
     0 | D:1      | Eitelfritz the Demonspawn Brigand began the quest for the
                  | Orb.
     0 | D:1      | Reached XP level 1. HP: 16/16 MP: 1/1
   283 | D:1      | Reached skill level 4 in Stealth
   283 | D:1      | Gained mutation: You are partially covered in sharp spines.
                  | [demonic ancestry]
   283 | D:1      | Reached XP level 2. HP: 22/22 MP: 2/2
   566 | D:1      | Reached skill level 1 in Dodging
   653 | D:1      | Gained mutation: You are mostly covered in sharp spines.
                  | [demonic ancestry]
   653 | D:1      | Reached XP level 3. HP: 25/27 MP: 3/3
  1574 | D:2      | Reached XP level 4. HP: 21/33 MP: 4/4
  2147 | D:3      | Found a runed translucent door.
  2148 | D:3      | Noticed Crazy Yiuf
  2381 | D:3      | Found a large runed translucent door.
  2382 | D:3      | Found a large runed translucent door.
  2384 | D:3      | Noticed LaMa's ghost (amateur TrFi)
  2384 | D:3      | Identified the +1 kite shield of the Beginning {*Corrode
                  | *Slow rElec Str+9}
  2859 | D:4      | Reached skill level 5 in Stealth
  2859 | D:4      | Reached XP level 5. HP: 26/38 MP: 5/5
  2967 | D:4      | Noticed an ogre
  3072 | D:3      | Slain by Crazy Yiuf

Illustrated notes

Levels and vault maps discovered:
D:1:      dpeg_arrival_pits, layout_basic
D:2:      layout_basic, serial_bayou_crossing
D:3:      layout_loops_ring, ebering_ghost_disaster_area,
          uniq_crazy_yiuf_cottage
D:4:      layout_loops_cross, bloody_trog

Skill      XL: |  1  2  3  4  5 |
---------------+----------------+-----
Stealth        | 4 5 |  5.2
Dodging        | 1 |  1.5
Short Blades   | 2 3 |  3.0
Fighting       | |  2.3
Throwing       | |  1.9
Armour         | |  0.3

Action                   |  1- 3 |  4- 6 || total
-------------------------+-------+-------++-------
Melee: Dagger            |    96 |    54 ||   150
 Stab: Sleeping          |    11 |    10 ||    21
       Distracted        |       |     1 ||     1
Armor: Robe              |    12 |       ||    12
       Leather armour    |       |     9 ||     9
Dodge: Dodged            |    51 |    13 ||    64
